 Dungeon Crawl Stone Soup version 0.31-a0-232-gb1c03b2570 (webtiles) character file.

Game seed: 4759003854077727393

3642 Pooter the Skirmisher (level 9, 0/123 HPs)
             Began as a Minotaur Berserker on July 7, 2023.
             Was a Priest of Trog.
             Slain by a two-headed ogre
             ... wielding a +0 giant club
              (6 damage)
             ... on level 7 of the Dungeon.
             The game lasted 00:28:51 (6051 turns).

Pooter the Skirmisher (Minotaur Berserker)          Turns: 6051, Time: 00:28:51

Health: 0/123      AC: 16    Str: 24    XL:     9   Next: 88%
Magic:  0/8        EV:  7    Int:  6    God:    Trog [***...]
Gold:   334        SH:  0    Dex: 16    Spells: 8/8 levels left

rFire   + . .        m - +6 battleaxe (freeze)
rCold   + . .        (shield currently unavailable)
rNeg    . . .        w - +0 plate armour
rPois   .            (helmet restricted)
rElec   .            j - scarf {rC+ rF+}
rCorr   .            (no gloves)
SInv    .            M - +0 pair of boots
Will    .....        G - amulet of guardian spirit Stlth
                     o - +6 ring of dexterity
HPRegen 0.40/turn    N - +4 ring of protection
MPRegen 0.11/turn

%: guardian spirit
@: berserking, very quick
A: horns 2, retaliatory headbutt
a: Renounce Religion, Berserk, Trog's Hand


You were on level 7 of the Dungeon.
You worshipped Trog.
Trog was most pleased with you.
You visited 1 branch of the dungeon, and saw 7 of its levels.
You also visited: Sewer.

You collected 334 gold pieces.

Inventory:

Hand Weapons
 a - the +9 trident of Conscience {freeze, rPois rN+ Str+2}
   (You found it on level 5 of the Dungeon)

   Str:       It affects your strength (+2).
   rPois:     It protects you from poison.
   rN:        It protects you from negative energy.
 b - a +0 sling
   (You took it off a goblin on level 2 of the Dungeon)
 e - a +0 hand axe
 h - a +1 short sword of speed
   (You took it off Terence on level 2 of the Dungeon)
 m - a +6 battleaxe of freezing (weapon)
   (You took it off an orc warrior on level 7 of the Dungeon)
 J - a +1 heavy flail
   (You took it off Edmund on level 6 of the Dungeon)
 O - a +2 flail of holy wrath
   (You took it off an orc priest on level 7 of the Dungeon)
Missiles
 l - 17 poisoned darts (quivered)
 y - a throwing net {!f}
 I - a silver boomerang
 K - 6 javelins
 L - 3 boomerangs
 Q - 101 stones
Armour
 j - a scarf of resistance (worn)
   (You found it on level 4 of the Dungeon)
 w - a +0 plate armour (worn)
   (You found it on level 5 of the Dungeon)
 M - a +0 pair of boots (worn)
   (You found it on level 7 of the Dungeon)
Jewellery
 o - a +6 ring of dexterity (left hand)
   (You found it on level 3 of the Dungeon)
 G - an amulet of guardian spirit (around neck)
   (You found it on level 1 of the Dungeon)
 N - a +4 ring of protection (right hand)
   (You found it on level 6 of the Dungeon)
Wands
 f - a wand of flame (25)
   (You found it on level 5 of the Dungeon)
 u - a wand of paralysis (13)
   (You took it off Ijyb on level 3 of the Dungeon)
 C - a wand of roots (6)
   (You found it on level 5 of the Dungeon)
Scrolls
 g - 2 scrolls of fog
 k - 2 scrolls of vulnerability {!r}
 n - 2 scrolls of blinking
 p - a scroll of summoning
 q - a scroll of revelation
 r - a scroll of enchant weapon
 t - 2 scrolls of teleportation {@r4}
 x - a scroll of silence
 A - a scroll of fear
Potions
 c - 3 potions of attraction {!q}
 d - 3 potions of curing {@q1}
 s - a potion of cancellation {unknown}
 v - a potion of lignification {!q}
 z - a potion of mutation {unknown}
 B - a potion of magic {unknown}
 D - a potion of heal wounds {unknown}
 E - a potion of haste {unknown}
 F - 2 potions of might
 H - a potion of resistance {unknown}


   Skills:
 + Level 8.6 Fighting
 * Level 8.9(10.1) Axes
 - Level 7.4(9.4) Polearms
 * Level 9.3 Ranged Weapons
 - Level 2.4 Armour
 - Level 2.1 Dodging


You had 8 spell levels left.
You didn't know any spells.
Your spell library was empty.

Dungeon Overview and Level Annotations

Branches:
Dungeon (7/15) Zot: 26074  Temple (0/1) D:4           Sewer (visited)

Altars:
Ashenzari
Fedhas
Gozag
Trog
Uskayaw
Vehumet


Innate Abilities, Weirdness & Mutations

You have a pair of horns on your head.
You reflexively headbutt those who attack you in melee.


Message History

The barbed spikes become lodged in your body.
The barbs in your skin will harm you if you move.
Continue?
The barbed spikes dig painfully into your body as you move.
The manticore bites you.
The manticore claws you but does no damage. x2
The barbed spikes dig painfully into your body as you move.
* * * LOW HITPOINT WARNING * * *
The manticore bites you!
* * * LOW HITPOINT WARNING * * *
The manticore barely misses you.
The manticore claws you but does no damage.
You hit the manticore but do no damage.
The manticore bites you but does no damage.
The manticore claws you but does no damage. x2
You slash the manticore! You freeze the manticore.
You headbutt the manticore, but do no damage.
The manticore bites you but does no damage.
The manticore claws you but does no damage. x2
You hit the manticore but do no damage. The manticore bites you.
* * * LOW HITPOINT WARNING * * *
The manticore claws you.
* * * LOW HITPOINT WARNING * * *
The manticore claws you but does no damage.
You barely miss the manticore. You headbutt the manticore.
The manticore closely misses you. The manticore claws you.
* * * LOW HITPOINT WARNING * * *
The manticore claws you but does no damage.
The manticore bites you.
* * * LOW HITPOINT WARNING * * *
The manticore barely misses you. The manticore claws you.
* * * LOW HITPOINT WARNING * * *
As you read the scroll of fear, it crumbles to dust.
You assume a fearsome visage.
The manticore looks frightened!
The two-headed ogre shouts in stereo!
The two-headed ogre easily resists.
A red film seems to cover your vision as you go berserk!
You feel yourself moving faster!
You feel mighty!
You rip and tear the barbed spikes from your body.
The two-headed ogre hits you with a +0 giant club!
* * * LOW HITPOINT WARNING * * *
The two-headed ogre hits you with a +0 great mace!
* * * LOW MAGIC WARNING * * *
* * * LOW HITPOINT WARNING * * *
You slice the two-headed ogre!! You freeze the two-headed ogre.
You slash the two-headed ogre! You freeze the two-headed ogre.
The two-headed ogre hits you with a +0 giant club!
* * * LOW MAGIC WARNING * * *
* * * LOW HITPOINT WARNING * * *
The two-headed ogre hits you with a +0 great mace.
You die...

..............>..# .....
.........###.#...#
####..... ....[#####
#.#...# ##....... ##..<))#
#.#...# ##....... #....#)#
#.#.#.#####....###+
#.##.#)#
#.#.#........!##..# #.
..#.# #.#.#.....#..##..#
######†# #.#.#####.#.##..#
.......#####.#.#@O.#.#.#..#
######.##......#.#.#.#.#.#
##......#.#.##.#.#
#.#.'#HO{TOu.
........#.#....#.#
..#.#.##hCuo.
.#......#...#....# ..#.#?.#
...# .#......###.#....#
####..# .##
................## #..# #
..............(## #..#
..............## #...


You could see a two-headed ogre.

Vanquished Creatures
  A two-headed ogre (D:7)
  A gargoyle (D:7)
  An unseen horror (D:7)
  A troll (D:7)
  A wraith (D:7)
  Eustachio (D:6)
  Edmund (D:6)
  2 acid dragons (D:7)
  2 orc warriors (D:7)
  2 black bears (D:6)
  2 phantoms
  4 scorpions
  A bullfrog (D:5)
  A howler monkey (D:7)
  2 hounds (D:6)
  A gnoll bouda (D:5)
  3 jellies
  2 orc priests
  Jessica (D:2)
  Terence (D:2)
  An orc wizard (D:6)
  3 iguanas
  2 sleepcaps (D:6)
  Ijyb (D:3)
  Natasha (thrice) (D:3)
  4 gnolls (D:5)
  3 adders
  2 shadow imps
  2 white imps
  4 ufetubi
  2 worms (D:2)
  4 dart slugs
  13 orcs
  10 endoplasms
  12 giant cockroaches
  7 goblins
  9 hobgoblins
  10 jackals
  2 quokkas
  7 ball pythons
  9 bats
  23 kobolds
  5 rats
169 creatures vanquished.

Vanquished Creatures (others)
  A wizard (D:5)
1 creature vanquished.

Grand Total: 170 creatures vanquished

Notes
Turn   | Place    | Note
-------+----------+-------------------------------------------
     0 | D:1      | Pooter the Minotaur Berserker began the quest for the Orb.
     0 | D:1      | Reached XP level 1. HP: 19/19 MP: 0/0
    69 | D:1      | Reached XP level 2. HP: 24/27 MP: 1/1
   136 | D:1      | Found a faded altar of an unknown god.
   616 | D:1      | Reached XP level 3. HP: 33/33 MP: 2/2
  1170 | D:2      | Noticed Terence
  1210 | D:2      | Killed Terence
  1211 | D:2      | Reached skill level 5 in Axes
  1281 | D:2      | Reached XP level 4. HP: 41/41 MP: 3/3
  1283 | D:2      | Noticed Jessica
  1290 | D:2      | Killed Jessica
  1322 | D:2      | Reached ** piety under Trog
  1656 | D:2      | Reached skill level 1 in Ranged Weapons
  1875 | D:3      | Reached XP level 5. HP: 47/47 MP: 4/4
  1912 | D:3      | Noticed Ijyb
  1928 | D:3      | Killed Ijyb
  2171 | D:3      | Reached skill level 5 in Fighting
  2357 | D:3      | Noticed Natasha
  2365 | D:3      | Killed Natasha
  2366 | D:3      | Reached skill level 2 in Ranged Weapons
  2367 | D:3      | Noticed Natasha
  2376 | D:3      | Killed Natasha
  2388 | D:3      | Noticed Natasha
  2394 | D:3      | Killed Natasha
  2420 | D:3      | Found a blossoming altar of Fedhas.
  2537 | D:4      | Reached XP level 6. HP: 52/56 MP: 5/5
  2569 | D:4      | Found a staircase to the Ecumenical Temple.
  2620 | D:4      | Found a hide-covered altar of Uskayaw.
  2929 | D:4      | Found an opulent altar of Gozag.
  3163 | D:5      | Entered Level 5 of the Dungeon
  3268 | D:5      | Found a broken altar of Ashenzari.
  3316 | D:5      | Reached skill level 3 in Ranged Weapons
  3385 | D:5      | Identified the +9 trident of Conscience {freeze, rPois rN+
                  | Str+2}
  3422 | D:5      | Reached skill level 1 in Polearms
  3422 | D:5      | Reached *** piety under Trog
  3581 | D:5      | Reached skill level 4 in Ranged Weapons
  3581 | D:5      | Reached XP level 7. HP: 62/62 MP: 6/6
  3588 | D:5      | Found a bloodstained altar of Trog.
  3590 | D:5      | Noticed a wizard
  3594 | D:5      | Killed a wizard
  4213 | D:6      | Reached skill level 5 in Ranged Weapons
  4216 | D:6      | Found a glowing drain.
  4224 | Sewer    | Entered a sewer
  4542 | D:6      | Noticed Edmund
  4550 | D:6      | Killed Edmund
  4551 | D:6      | Reached XP level 8. HP: 71/71 MP: 7/7
  4633 | D:6      | Noticed Eustachio
  4640 | D:6      | Killed Eustachio
  4640 | D:6      | Reached **** piety under Trog
  4641 | D:6      | Reached skill level 5 in Polearms
  4641 | D:6      | Reached skill level 6 in Ranged Weapons
  4741 | D:6      | Found a radiant altar of Vehumet.
  5223 | D:7      | Noticed a manticore
  5223 | D:7      | Noticed a gargoyle
  5223 | D:7      | Noticed a cyclops
  5223 | D:7      | Noticed a cyan ugly thing
  5223 | D:7      | Noticed a two-headed ogre
  5223 | D:7      | Noticed a troll
  5223 | D:7      | Found the +4 moon troll leather armour {Spirit, Regen++
                  | MP+5}
  5224 | D:7      | Noticed a two-headed ogre
  5228 | D:7      | Noticed a green ugly thing
  5299 | D:7      | Killed a two-headed ogre
  5300 | D:7      | Reached skill level 7 in Ranged Weapons
  5300 | D:7      | Reached XP level 9. HP: 79/79 MP: 6/8
  5654 | D:7      | Reached skill level 8 in Ranged Weapons
  5731 | D:7      | Killed a gargoyle
  5877 | D:7      | Killed an unseen horror
  5878 | D:7      | Reached skill level 9 in Ranged Weapons
  5916 | D:7      | Killed a troll
  6051 | D:7      | HP: 6/123 [two-headed ogre/+0 giant club (13)]
  6051 | D:7      | Slain by a two-headed ogre

Illustrated notes

Levels and vault maps discovered:
D:1:      amcnicky_arrival_choice, layout_basic, nicolae_ecumenical_lake_church,
          minivault_25
D:2:      layout_basic, uniq_jessica, uniq_terence
D:3:      layout_basic, fedhas_altar_1, uniq_natasha, uniq_ijyb
D:4:      layout_loops_cross, kennysheep_little_box, nicolae_gozag_seed_capital,
          minmay_temple_entry_wispy, solitary_fountain, grunt_ministairs_9
D:5:      layout_basic, trog_wizard, mainiacjoe_overflow_paths, grunt_decor_cap
D:6:      layout_cave_pools, fiery_altar_vehumet, gup_sewer_entry_pipe,
          uniq_edmund, uniq_eustachio
D:7:      minmay_the_grid_octo_triangle [minmay_the_grid_octo_tetromino_candy,
          minmay_the_grid_octo_prize_star, minmay_the_grid_octo_checkered],
          layout_basic, gammafunk_ghost_arena, uniq_prince_ribbit1

Skill      XL: |  1  2  3  4  5  6  7  8  9 |
---------------+----------------------------+-----
Axes           | 4 5 6 8 |  8.9
Fighting       | 4 5 6 7 8 |  8.6
Ranged Weapons | 1 2 4 5 7 9 |  9.3
Polearms       | 1 4 7 |  7.4
Armour         | |  2.4
Dodging        | |  2.1

Action                     |  1- 3 |  4- 6 |  7- 9 || total
---------------------------+-------+-------+-------++-------
  Melee: Hand axe          |    70 |    42 |       ||   112
         Headbutt          |     9 |    22 |    23 ||    54
         Short sword       |       |    67 |       ||    67
         Punch             |       |     2 |     2 ||     4
         Trident           |       |     8 |   117 ||   125
         Battleaxe         |       |       |    32 ||    32
   Fire: Sling             |       |    48 |    32 ||    80
  Throw: Stone             |     3 |       |       ||     3
         Dart              |       |     5 |     3 ||     8
         Boomerang         |       |       |     4 ||     4
 Invoke: Berserk           |     1 |     5 |     6 ||    12
         Trog's Hand       |       |     1 |     4 ||     5
    Use: Scroll            |     2 |     5 |     9 ||    16
 Armour: Animal skin       |    10 |       |       ||    10
         Chain mail        |     3 |    46 |       ||    49
         Plate armour      |       |     8 |    80 ||    88
  Dodge: Dodged            |    32 |    48 |    44 ||   124

Table legend: (Time is in decaauts)
 A = Elapsed time spent in this place.
 B = Non-inter-level travel time spent in this place.
 C = Inter-level travel time spent in this place.
 D = Time resting spent in this place.
 E = Time spent auto-exploring this place.
 F = Levels seen in this place.
 G = Mean time per level.
                   A        B        C        D        E       F      G
               +--------+--------+--------+--------+--------+-----+--------+
         Total |   6232 |   6129 |    103 |   1283 |   3654 |   8 |  779.0 |
       Dungeon |   5967 |   5864 |    103 |   1283 |   3486 |   7 |  852.4 |
         Sewer |    264 |    264 |      0 |      0 |    167 |   1 |  264.0 |
               +--------+--------+--------+--------+--------+-----+--------+

Top non-repeatable levels by time:
     D:1: 1145 daAuts
     D:5: 1039 daAuts
     D:6: 861 daAuts
     D:7: 837 daAuts
     D:3: 732 daAuts
     D:4: 695 daAuts
     D:2: 656 daAuts
   Sewer: 264 daAuts
